 Dungeon Crawl Stone Soup version 0.24-a0-417-g1cce26a4d2 (webtiles) character file.

Game seed: 3726216787473535533

157382 ohad the Black Belt (level 17, -3/152 HPs)
             Began as an Octopode Transmuter on June 10, 2019.
             Was an Initiate of Gozag.
             Slain by Anypt's ghost (7 damage)
             ... on level 1 of the Spider Nest.
             The game lasted 01:52:36 (33413 turns).

ohad the Black Belt (Octopode Transmuter)          Turns: 33413, Time: 01:52:36

Health: -3/152     AC: 29    Str: 13    XL:     17   Next: 69%
Magic:  31/31      EV: 27    Int: 22    God:    Gozag
Gold:   670        SH: 15    Dex: 18    Spells: 5/37 levels left

rFire    + . .     SeeInvis +     - Unarmed
rCold    . . .     Gourm    .   p - +3 shield {reflect}
rNeg     + . .     Faith    .   N - +2 hat
rPois    ∞         Spirit   .   (no amulet)
rElec    +         Reflect  +   i - ring of stealth (curse)
rCorr    .         Harm     .   l - ring of protection from fire
MR       +....     Rnd*Tele +   B - +5 ring of dexterity
Stlth    ++++++....             t - +2 ring of evasion
HPRegen  0.35/turn              m - ring of wizardry
MPRegen  0.22/turn              D - +1 ring of protection
                                O - ring "Asiomen" {rPois Str+4}
                                J - +3 ring of evasion

@: statue-form (expiring), studying Dodging, very slow
A: almost no armour, stealthy swim, amphibious, 8 rings, constrict 8, camouflage
1, see invisible, teleportitis 1
a: End Transformation, Potion Petition, Call Merchant, Bribe Branch, Renounce
Religion


You were on level 1 of the Spider Nest.
You worshipped Gozag.
Gozag was pleased with you.
You were not hungry.
You were a stone statue.
You visited 5 branches of the dungeon, and saw 25 of its levels.
You also visited: Ossuary.

You collected 10299 gold pieces.
You spent 4510 gold pieces at shops.
You paid 5119 gold pieces to Gozag.

Inventory:

Hand Weapons
 v - a +2 dagger of distortion
Missiles
 a - 455 arrows
 S - 6 throwing nets (quivered)
 Z - 10 curare-tipped darts
Armour
 p - a +3 shield of reflection (worn)
 M - a +1 buckler of positive energy
 N - a +2 hat (worn)
Jewellery
 i - a cursed ring of stealth (left tentacle)
 l - a ring of protection from fire (right tentacle)
 m - a ring of wizardry (on tentacle)
 t - a +2 ring of evasion (on tentacle)
 B - a +5 ring of dexterity (on tentacle)
 D - a +1 ring of protection (on tentacle)
 G - a +3 ring of strength
 J - a +3 ring of evasion (on tentacle)
 O - the ring "Asiomen" (on tentacle) {rPois Str+4}
   (You found it on level 7 of the Dungeon)

   [ring of poison resistance]

   It affects your strength (+4).
   It protects you from poison.
 P - an uncursed ring of see invisible
 V - an uncursed ring of positive energy
 Y - an uncursed ring of magical power
Wands
 e - a wand of polymorph (9)
 w - a wand of disintegration (25)
 C - a wand of iceblast (16)
 L - a wand of digging (11)
Scrolls
 b - 3 scrolls of fog
 f - 5 scrolls of magic mapping
 j - 9 scrolls of amnesia
 q - 2 scrolls of enchant armour
 s - 10 scrolls of teleportation
 y - 2 scrolls of fear
 z - 7 scrolls of remove curse
 A - 2 scrolls of immolation
 K - 2 scrolls of blinking
 W - a scroll of holy word
Potions
 d - 3 potions of ambrosia
 g - 5 potions of mutation
 h - 3 potions of agility
 k - a potion of haste
 n - 4 potions of curing
 r - 5 potions of resistance
 E - 3 potions of berserk rage
 F - 4 potions of brilliance
 H - 4 potions of lignification
 I - 3 potions of invisibility
 Q - 3 potions of might
 T - 5 potions of flight
 X - a potion of magic
Books
 u - a manual of Dodging
Miscellaneous
 x - a phantom mirror
 R - a phial of floods
 U - a crystal ball of energy
Comestibles
 c - 11 rations


   Skills:
 - Level 11.2 Fighting
 * Level 13.3 Dodging
 - Level 6.7 Stealth
 + Level 11.3 Shields
 - Level 16.1 Unarmed Combat
 - Level 10.5 Spellcasting
 - Level 3.1 Summonings
 - Level 10.2 Transmutations
 - Level 1.5 Ice Magic
 - Level 3.1 Air Magic
 - Level 8.8 Earth Magic


You had 5 spell levels left.
You knew the following spells:

 Your Spells              Type           Power        Failure   Level  Hunger
a - Beastly Appendage     Tmut           ######       1%          1    None
b - Sticks to Snakes      Tmut           ######..     1%          2    None
c - Spider Form           Tmut/Pois      ####......   1%          3    None
d - Ice Form              Ice/Tmut       #####...     3%          4    #......
e - Blade Hands           Tmut           ######....   1%          5    ####...
f - Summon Lightning Spi  Summ/Air       ####....     10%         4    #......
g - Statue Form           Tmut/Erth      ######...    11%         6    ######.
h - Dragon Form           Tmut           ######....   38%         7    #######

Your spell library contained the following spells:

 Spells                   Type           Power        Failure   Level  Hunger
 Sandblast                Erth           ######       1%          1    None
 Shock                    Conj/Air       ###.         1%          1    None
 Summon Small Mammal      Summ           ####         1%          1    None
 Call Imp                 Summ           ####....     1%          2    None
 Passwall                 Tmut/Erth      ######..     1%          2    None
 Stone Arrow              Conj/Erth      ####..       1%          3    None
 Petrify                  Tmut/Erth      ######..     1%          4    #......
 Swiftness                Chrm/Air       ###.....     2%          2    None
 Ignite Poison            Fire/Tmut/Pois ####....     2%          3    None
 Lee's Rapid Deconstruct  Erth           ######....   2%          5    ####...
 Flame Tongue             Conj/Fire      ##...        3%          1    None
 Call Canine Familiar     Summ           ####....     3%          3    None
 Corpse Rot               Necr           N/A          6%          2    None
 Sublimation of Blood     Necr           ##........   6%          2    None
 Recall                   Summ/Tloc      N/A          6%          3    None
 Static Discharge         Conj/Air       ###.....     6%          3    None
 Summon Guardian Golem    Hex/Summ       ###.....     6%          3    None
 Ozocubu's Armour         Chrm/Ice       ###.....     8%          3    None
 Airstrike                Air            ####......   10%         4    #......
 Alistair's Intoxication  Tmut/Pois      ####....     12%         5    ####...
 Irradiate                Conj/Tmut      ####......   12%         5    ####...
 Summon Ice Beast         Ice/Summ       ###.....     14%         4    #......
 Borgnjor's Vile Clutch   Necr/Erth      ####......   16%         5    ####...
 Animate Dead             Necr           N/A          32%         4    #......
 Cause Fear               Hex            ##........   32%         4    #......
 Lightning Bolt           Conj/Air       ###.......   45%         5    ####...
 Metabolic Englaciation   Hex/Ice        ###.......   54%         5    ####...
 Agony                    Necr           ##......     65%         5    ####...
 Bolt of Draining         Conj/Necr      ##........   65%         5    ####...
 Dispel Undead            Necr           ##......     65%         5    ####...
 Excruciating Wounds      Chrm/Necr      ##........   65%         5    ####...
 Simulacrum               Ice/Necr       ###.......   98%         6    ######.
 Bolt of Fire             Conj/Fire      ##........   99%         6    ######.
 Death Channel            Necr           ##........   99%         6    ######.
 Dragon's Call            Summ           ####......   100%        9    #######


Dungeon Overview and Level Annotations

Branches:
Dungeon (15/15)            Temple (1/1) D:6            Lair (6/6) D:10
 Shoals (0/4) Lair:2       Spider (1/4) Lair:2        Slime (0/5) Lair:6
    Orc (2/2) D:9             Elf (0/3) Orc:2        Vaults (0/5) D:13
 Depths (0/5) D:15

Altars:
Ashenzari
Cheibriados
Dithmenos
Elyvilon
Fedhas
Gozag
Hepliaklqana
Kikubaaqudgha
Makhleb
Nemelex Xobeh
Qazlal
Sif Muna
Trog
Uskayaw
Vehumet
Wu Jian
Xom
Yredelemnul
Zin
The Shining One
Beogh

Shops:
D:9 :*   Orc:2 *(?}   Lair:1 *   Lair:6 :

Portals:
Hell: Lair:6
Pandemonium: Orc:2

Annotations:
Lair:2 exclusion: 2 oklob plants
Spider:1 Anypt's ghost, journeyman DsGl


Innate Abilities, Weirdness & Mutations

You cannot wear most types of armour.
You are very stealthy in the water. (Stealth+)
You are amphibious.
You can wear up to eight rings at the same time.
You can use your tentacles to constrict eight enemies at once.
Your skin changes colour to match your surroundings (Stealth+).
((Your rubbery body absorbs attacks. (AC +1, EV +1)))
You have supernaturally acute eyesight. (SInv)
You are occasionally teleported next to monsters.


Message History

Anypt's ghost is severely damaged.
Anypt's ghost hits you but does no damage.
You batter Anypt's ghost!!
Anypt's ghost is almost destroyed.
Anypt's ghost hits you.
* * * LOW HITPOINT WARNING * * *
Anypt's ghost freezes you.
* * * LOW HITPOINT WARNING * * *
Unknown command.
You miss Anypt's ghost.
Anypt's ghost is almost destroyed.
Anypt's ghost hits you!
* * * LOW HITPOINT WARNING * * *
Anypt's ghost freezes you!
* * * LOW HITPOINT WARNING * * *
Anypt's ghost hits you!!
* * * LOW HITPOINT WARNING * * *
Anypt's ghost freezes you!
You die...
Your body crumbles into a pile of gold.

....#...........................
...^.............................
...............................^.
.........................#.}.....
#..#.....................#.......
...#.................#.#...#.....
..............................##.
..............=..................
[...............8#..:..........#.
....#...........#W.....#.........
....#.......######...............
...........##)P⌠P#......#........
..........##8....#..........>..^.
..........#!.....#........#≈#....
...#≈.#...#P.....'.#...#....##...
....≈≈≈...#⌠.....'......^....#≈.^
#....#....#P.....'............#..


You could see Anypt's ghost.

Vanquished Creatures
  Jorgrun (D:14)
  The ghost of redpills the Severer, an adept FoFi of Qazlal (Spider:1)
  Frances (D:14)
  Kirke (D:13)
  A fire giant (D:15)
  A stone giant (D:15)
  A very ugly thing (D:15)
  A vampire knight (D:15)
  3 yaktaur captains (D:15)
  2 fire dragons (D:15)
  Josephine (Orc:1)
  2 ice dragons
  8 vault guards (D:13)
  10 hydras
  6 centaur warriors
  A hell beast (Lair:6)
  Erica (D:8)
  2 catoblepae
  2 ogre magi (D:15)
  The ghost of p0werm0de the Fighter, a novice DsWn of Cheibriados (Orc:2)
  4 death yaks (Lair:1)
  5 tengu warriors
  6 two-headed ogres
  6 orc high priests
  The ghost of Mgcat the Skirmisher, a novice FoEn (D:10)
  Sonja (D:13)
  A sun demon (Orc:1)
  4 skeletal warriors
  A shadow wraith (D:15)
  7 unseen horrors
  2 infernal demonspawn (Orc:2)
  A gelid demonspawn (Orc:2)
  3 wizards
  A wolf spider zombie (D:15)
  5 orc knights
  5 deep elf magi
  A wolf spider (shapeshifter) (D:15)
  9 wolf spiders
  11 cyclopes
  7 orb spiders (Spider:1)
  7 orc sorcerers (Orc:2)
  A salamander (shapeshifter) (D:14)
  3 manticores
  12 ugly things
  12 elephants
  A merfolk siren (Lair:2)
  A moth of wrath (Spider:1)
  4 black mambas
  5 gargoyles
  An orange demon (Lair:6)
  16 spiny frogs
  2 torpor snails
  A kobold demonologist (D:15)
  10 rime drakes
  A centaur skeleton (D:13)
  4 demonic crawlers
  A yaktaur (D:15)
  8 komodo dragons
  4 ice devils (Lair:6)
  An efreet (D:10)
  A freezing wraith (D:15)
  A tengu conjurer (D:13)
  3 trolls
  11 jumping spiders
  A queen bee (D:11)
  Grinder (D:5)
  5 polar bears
  2 hornets
  2 spectral orcs (Orc:2)
  2 hippogriffs (shapeshifter) (D:15)
  18 slime creatures
  7 blink frogs (Lair:6)
  12 hippogriffs
  A meliai zombie (D:15)
  9 dream sheep
  23 redbacks
  Sigmund (D:5)
  3 shadows
  10 tarantellas
  2 vampires
  3 ynoxinuls (Orc:2)
  5 wraiths
  4 basilisks
  3 wyverns
  A steam dragon (D:13)
  3 hogs (D:12)
  25 yaks
  2 hungry ghosts (D:10)
  14 vampire mosquitoes
  A warg (Orc:2)
  5 acid dragons
  10 water moccasins
  4 hell hounds (Lair:6)
  7 porcupines
  4 sky beasts
  A swamp drake (Lair:6)
  2 black bears
  An ettin simulacrum (Orc:2)
  4 phantoms
  34 orc warriors
  4 ice beasts
  5 necrophages
  3 boggarts (D:15)
  An eye of draining (D:15)
  27 wolves
  A tengu (shapeshifter) (D:15)
  8 ogres
  11 centaurs
  10 crocodiles
  2 big kobolds (D:7)
  A wyvern zombie (D:14)
  25 bullfrogs
  A spectral warg (Orc:2)
  2 water moccasin zombies (Ossuary)
  A gnoll sergeant (D:11)
  2 wyvern skeletons
  7 scorpions
  A spectral ogre (Orc:2)
  23 killer bees
  A water moccasin skeleton (D:8)
  4 howler monkeys
  7 wights
  3 electric eels
  10 crimson imps
  4 bullfrog zombies
  A quasit (D:11)
  31 orc priests
  11 hounds
  3 jellies
  7 centaur zombies
  A gnoll shaman (D:7)
  2 bullfrog skeletons
  16 orc wizards
  An iguana (D:9)
  2 troll simulacra (Orc:2)
  9 worker ants
  A killer bee zombie (D:8)
  3 big kobold zombies (Ossuary)
  A hound zombie (D:6)
  2 mummies (Ossuary)
  A worker ant zombie (D:11)
  12 gnolls
  A howler monkey skeleton (D:4)
  23 adders
  4 shadow imps
  2 oozes
  5 adder zombies
  2 adder skeletons
  3 worms
  4 dart slugs
  5 leopard geckos
  73 orcs
  5 giant cockroaches
  5 hobgoblins
  22 jackals
  7 quokkas
  2 ball pythons
  8 bats
  2 frilled lizards
  A giant cockroach zombie (D:6)
  3 gnoll zombies
  12 goblins
  7 hobgoblin zombies (Ossuary)
  2 jackal skeletons
  16 kobolds
  6 kobold zombies (Ossuary)
  A leopard gecko zombie (D:5)
  2 orc zombies (Ossuary)
  A quokka skeleton (D:4)
  A quokka zombie (D:5)
  5 rats
  A plant (Lair:6)
970 creatures vanquished.

Vanquished Creatures (collateral kills)
  A dire elephant (Lair:6)
  A jumping spider (Spider:1)
  5 dream sheep (Lair:6)
  A hungry ghost (D:14)
  A water moccasin (Lair:4)
9 creatures vanquished.

Vanquished Creatures (others)
  A centaur skeleton (D:14)
  2 orcs (Orc:2)
  6 fungi
  25 plants
34 creatures vanquished.

Grand Total: 1013 creatures vanquished

Notes
Turn   | Place    | Note
-------+----------+-------------------------------------------
     0 | D:1      | ohad the Octopode Transmuter began the quest for the Orb.
     0 | D:1      | Reached XP level 1. HP: 13/13 MP: 3/3
   123 | D:1      | Reached XP level 2. HP: 18/18 MP: 3/5
  1061 | D:2      | Reached skill level 4 in Unarmed Combat
  1061 | D:2      | Reached XP level 3. HP: 9/23 MP: 4/6
  1571 | D:2      | Found a snail-covered altar of Cheibriados.
  1612 | D:2      | Reached XP level 4. HP: 25/28 MP: 5/7
  1912 | D:2      | Learned a level 2 spell: Sticks to Snakes
  1916 | D:2      | Learned a level 3 spell: Spider Form
  1931 | D:2      | Reached skill level 5 in Unarmed Combat
  1938 | D:2      | Reached XP level 5. HP: 5/33 MP: 2/8
  2257 | D:2      | Found a deep blue altar of Sif Muna.
  3582 | D:4      | Found a blossoming altar of Fedhas.
  3582 | D:4      | Noticed a centaur
  3604 | D:4      | Reached XP level 6. HP: 32/38 MP: 9/9
  3696 | D:4      | Learned a level 4 spell: Ice Form
  3824 | D:4      | Reached skill level 1 in Ice Magic
  3946 | D:4      | Found a burning altar of Makhleb.
  4485 | D:4      | Reached XP level 7. HP: 43/43 MP: 10/12
  4630 | D:5      | Entered Level 5 of the Dungeon
  4671 | D:5      | Got a crude long sword
  4849 | D:5      | Noticed Grinder
  4862 | D:5      | Killed Grinder
  4904 | D:5      | Learned a level 5 spell: Blade Hands
  5665 | D:5      | Noticed Sigmund
  5670 | D:5      | Reached XP level 8. HP: 52/52 MP: 12/15
  5707 | D:5      | Killed Sigmund
  6054 | D:6      | Reached skill level 5 in Dodging
  6147 | D:6      | Found a staircase to the Ecumenical Temple.
  6163 | Temple   | Entered the Ecumenical Temple
  6254 | Temple   | Became a worshipper of Gozag Ym Sagoz the Greedy
  6495 | D:6      | Found a shattered altar of Ashenzari.
  6574 | D:6      | Reached XP level 9. HP: 34/58 MP: 16/16
  6696 | D:6      | Reached skill level 6 in Unarmed Combat
  6949 | D:7      | Found a shadowy altar of Dithmenos.
  6959 | D:7      | Found a sand-covered staircase.
  7007 | D:7      | Reached skill level 7 in Unarmed Combat
  7022 | Ossuary  | Entered an ossuary
  7318 | D:7      | Reached skill level 8 in Unarmed Combat
  7721 | D:7      | Reached skill level 9 in Unarmed Combat
  7898 | D:7      | Got a brightly glowing pewter ring
  7899 | D:7      | Identified the ring "Asiomen" {rPois Str+4} (You found it
                  | on level 7 of the Dungeon)
  7926 | D:7      | Found a glowing silver altar of Zin.
  8138 | D:7      | Found an ornate altar of the Wu Jian Council.
  8138 | D:7      | Found an ancient bone altar of Kikubaaqudgha.
  8140 | D:7      | Found a white marble altar of Elyvilon.
  8188 | D:8      | Reached skill level 10 in Unarmed Combat
  8188 | D:8      | Reached XP level 10. HP: 60/64 MP: 12/17
  8234 | D:8      | Found a radiant altar of Vehumet.
  8379 | D:8      | Noticed a two-headed ogre
  8388 | D:8      | Killed a two-headed ogre
  8388 | D:8      | Reached skill level 11 in Unarmed Combat
  8625 | D:8      | Found a hide-covered altar of Uskayaw.
  8625 | D:8      | Noticed a +0 hand axe
  8625 | D:8      | Noticed a +0 hand axe
  8953 | D:8      | Noticed Erica
  8960 | D:8      | Killed Erica
  9302 | D:9      | Found a sparkling altar of Nemelex Xobeh.
  9331 | D:9      | Found a blossoming altar of Fedhas.
  9338 | D:9      | Found a staircase to the Orcish Mines.
  9635 | D:9      | Found Efushew's Serpentskin Sales.
  9693 | D:9      | Killed an unseen horror
  9693 | D:9      | Reached XP level 11. HP: 64/75 MP: 13/18
 10028 | D:10     | Entered Level 10 of the Dungeon
 10425 | D:10     | Found a runed translucent door.
 10446 | D:10     | Noticed Mgcat's ghost (novice FoEn)
 10458 | D:10     | Killed Mgcat's ghost
 10650 | D:10     | Noticed a manticore
 10657 | D:10     | Killed a manticore
 10660 | D:10     | HP: 2/93 [something (4)]
 11111 | D:10     | Identified the +4 ring mail "Kissowk" {rC+}
 11113 | D:10     | Noticed a cyclops
 11129 | D:10     | Killed a cyclops
 11156 | D:10     | Noticed an ice dragon
 11166 | D:10     | Killed an ice dragon
 11260 | D:10     | Reached skill level 1 in Stealth
 11563 | D:10     | Killed an unseen horror
 11793 | D:10     | Reached skill level 5 in Stealth
 12092 | D:10     | Noticed a two-headed ogre
 12100 | D:10     | Killed a two-headed ogre
 12100 | D:10     | Reached skill level 10 in Fighting
 12100 | D:10     | Reached skill level 10 in Dodging
 12100 | D:10     | Reached XP level 12. HP: 83/87 MP: 9/19
 12360 | D:10     | Found a staircase to the Lair.
 12377 | D:10     | Learned a level 4 spell: Summon Lightning Spire
 12382 | Lair:1   | Entered Level 1 of the Lair of Beasts
 12435 | Lair:1   | Noticed a death yak
 12482 | Lair:1   | Killed a death yak
 12483 | Lair:1   | Noticed a death yak
 12488 | Lair:1   | Noticed a death yak
 12492 | Lair:1   | Noticed a death yak
 12495 | Lair:1   | Killed a death yak
 12499 | Lair:1   | Killed a death yak
 12510 | Lair:1   | Killed a death yak
 13301 | Lair:1   | Bought a scroll of blinking for 232 gold pieces
 13301 | Lair:1   | Bought a scroll of identify for 62 gold pieces
 13301 | Lair:1   | Bought 2 scrolls of identify for 124 gold pieces
 13301 | Lair:1   | Bought a scroll of identify for 62 gold pieces
 13301 | Lair:1   | Bought a scroll labeled ORACZU DUOD for 31 gold pieces
 13539 | Lair:2   | Found a hole to the Spider Nest.
 13561 | Lair:2   | Reached skill level 12 in Unarmed Combat
 13916 | Lair:2   | Found a staircase to the Shoals.
 14166 | Lair:2   | Reached skill level 13 in Unarmed Combat
 14726 | Lair:2   | Noticed a five-headed hydra
 14732 | Lair:2   | Killed a five-headed hydra
 15068 | Lair:3   | Reached XP level 13. HP: 92/92 MP: 12/20
 15140 | Lair:3   | Reached skill level 14 in Unarmed Combat
 16807 | Lair:4   | Reached skill level 15 in Unarmed Combat
 17728 | Lair:6   | Entered Level 6 of the Lair of Beasts
 18428 | Lair:6   | Reached XP level 14. HP: 99/99 MP: 16/21
 19268 | Lair:6   | Reached skill level 16 in Unarmed Combat
 19343 | Lair:6   | Found a staircase to the Slime Pits.
 19581 | Lair:6   | Bought the Handbook of the Earthen Snowflakes for 824 gold
                  | pieces
 19673 | Lair:6   | Reached skill level 5 in Spellcasting
 19903 | Lair:6   | Found a burning altar of Makhleb.
 20297 | Lair:6   | Noticed a dire elephant
 20309 | Lair:6   | Killed a dire elephant
 20357 | Lair:6   | Reached skill level 5 in Transmutations
 20531 | Lair:6   | Learned a level 6 spell: Statue Form
 20568 | Lair:6   | Reached skill level 1 in Earth Magic
 20585 | Lair:6   | Found a gateway to Hell.
 21702 | D:11     | Reached skill level 5 in Earth Magic
 23198 | D:12     | Reached XP level 15. HP: 100/106 MP: 24/24
 23746 | D:13     | Noticed Kirke
 23973 | D:13     | Killed Kirke
 24330 | D:13     | Noticed Sonja
 24357 | D:13     | Killed Sonja
 24900 | D:13     | Found a gate to the Vaults.
 25349 | D:14     | Found an ancient bone altar of Kikubaaqudgha.
 25422 | D:14     | Noticed Jorgrun
 25445 | D:14     | Killed Jorgrun
 25903 | D:14     | Noticed Frances
 25915 | D:14     | Killed Frances
 26439 | D:14     | Reached XP level 16. HP: 101/112 MP: 22/28
 26964 | Lair:6   | Bought a book of the Dragon for 1080 gold pieces
 26972 | Lair:6   | Learned a level 7 spell: Dragon Form
 27216 | D:15     | Entered Level 15 of the Dungeon
 27472 | D:15     | Found a hide-covered altar of Uskayaw.
 27472 | D:15     | Found a glowing golden altar of the Shining One.
 27473 | D:15     | Found a shadowy altar of Dithmenos.
 27600 | D:15     | Found a staircase to the Depths.
 27794 | D:15     | Reached skill level 10 in Transmutations
 27798 | D:15     | Reached skill level 10 in Spellcasting
 28244 | D:15     | Reached skill level 1 in Shields
 28318 | D:15     | Reached skill level 5 in Shields
 28897 | D:15     | Paralysed by a vampire knight for 3 turns
 29392 | Orc:1    | Entered Level 1 of the Orcish Mines
 29431 | Orc:1    | Noticed Josephine
 29438 | Orc:1    | Killed Josephine
 29961 | Orc:2    | Entered Level 2 of the Orcish Mines
 30076 | Orc:2    | Found Duupas's Desiderata Depot.
 30092 | Orc:2    | Found a staircase to the Elven Halls.
 30093 | Orc:2    | Gained mutation: You have supernaturally acute eyesight.
                  | (SInv) [mutagenic glow]
 30094 | Orc:2    | Bought a manual of Dodging for 1545 gold pieces
 30124 | Orc:2    | Found a runed translucent gate.
 30124 | Orc:2    | Found a runed translucent gate.
 30124 | Orc:2    | Found a runed translucent gate.
 30124 | Orc:2    | Noticed p0werm0de's ghost (novice DsWn)
 30156 | Orc:2    | Reached XP level 17. HP: 99/117 MP: 25/31
 30504 | Orc:1    | Bought a ration for 50 gold pieces
 30504 | Orc:1    | Bought a ration for 50 gold pieces
 30504 | Orc:1    | Bought a ration for 50 gold pieces
 30504 | Orc:1    | Bought a ration for 50 gold pieces
 30504 | Orc:1    | Bought a ration for 50 gold pieces
 30504 | Orc:1    | Bought a ration for 50 gold pieces
 30504 | Orc:1    | Bought a ration for 50 gold pieces
 30504 | Orc:1    | Bought a ration for 50 gold pieces
 30504 | Orc:1    | Bought a ration for 50 gold pieces
 30504 | Orc:1    | Bought a ration for 50 gold pieces
 30504 | Orc:1    | Bought a ration for 50 gold pieces
 30764 | Orc:2    | Found Azinegh's Magic Scroll Shoppe.
 30765 | Orc:2    | Found Nammim's Magic Scroll Emporium.
 31381 | Orc:2    | Found a roughly hewn altar of Beogh.
 31658 | Orc:2    | Killed p0werm0de's ghost
 31866 | Orc:2    | Reached skill level 10 in Shields
 31876 | Orc:2    | Gained mutation: You are occasionally teleported next to
                  | monsters. [a neqoxec]
 31877 | Orc:2    | Paralysed by an orc sorcerer for 2 turns
 32155 | Orc:2    | Found Loaxag's Antique Weapon Shop.
 32155 | Orc:2    | Found Hagatio's Gadget Boutique.
 32155 | Orc:2    | Found a one-way gate leading to the halls of Pandemonium.
 32310 | Spider:1 | Entered Level 1 of the Spider Nest
 33346 | Spider:1 | Found a runed translucent gate.
 33346 | Spider:1 | Found a runed translucent gate.
 33367 | Spider:1 | Found a runed translucent gate.
 33371 | Spider:1 | Noticed redpills's ghost (adept FoFi)
 33371 | Spider:1 | Noticed Anypt's ghost (journeyman DsGl)
 33390 | Spider:1 | Killed redpills's ghost
 33413 | Spider:1 | HP: 4/152 [Anypt's ghost (18)]
 33413 | Spider:1 | Slain by Anypt's ghost

Levels and vault maps discovered:
D:1:      dpeg_arrival_pond, layout_basic
D:2:      layout_loops_ring, led_sif_pool, kennysheep_slug_shrine
D:3:      layout_loops_ring, small_statue_intersection
D:4:      layout_rooms, makhleb_heckhound_becter, fedhas_bush_and_centaur_altar
D:5:      layout_rooms, first_ration, hangedman_decor_opposing,
          minmay_misc_feat_roman, uniq_sigmund, uniq_grinder
D:6:      layout_gridville, evilmike_ruin_ashenzari, minmay_temple_entry_wispy,
          minmay_ogre_servants
D:7:      layout_loops_ring, gammafunk_temple_overflow_claw, kennysheep_mini,
          grunt_dithmenos_smoke_and_mirrors, enter_ossuary_3
D:8:      layout_cave_pods, dancing_weapons_uskayaw, vehumet_crystals,
          uniq_erica
D:9:      layout_loops_ring, grunt_temple_overflow_open, orc_0_dummy,
          guppyfry_shop_venom
D:10:     minmay_the_grid_3x3 [minmay_the_grid_fan, minmay_the_grid_dragon_a,
          minmay_the_grid_minigrid_small_alt, minmay_the_grid_embedded,
          minmay_the_grid_outer_circle, minmay_the_grid_spikes,
          minmay_the_grid_slots, minmay_the_grid_rooms,
          minmay_the_grid_prize_four_corners], layout_long_grid,
          ebering_ghost_reflecting_pool
D:11:     layout_small_grid, gauntlet_entry_generic, david_nohive_1,
          serial_bayou_lagoon_a
D:12:     layout_loops_corners
D:13:     layout_cave_pools, erik_vaults_2, minmay_misc_feat_iff, uniq_kirke,
          uniq_sonja
D:14:     hangedman_cross_cluster, layout_loops_cross, minmay_misc_feat_chi,
          basic_altar, uniq_frances, uniq_jorgrun
D:15:     hangedman_slaughterboxes
Temple:   nicolae_temple_figure_zero
Lair:1:   layout_regular_city, infiniplex_staircase_pool_2
Lair:2:   cheibrodos_lair_river_kwai, layout_loops_ring,
          minmay_shoals_entry_lonely_mermaid, nicolae_spider_entry_non_spiders,
          minmay_lair_oklob_chamber, serial_bayou_shore_a
Lair:3:   layout_loops_ring
Lair:4:   layout_loops_ring, beast_lair_carwin_5
Lair:5:   layout_regular_city
Lair:6:   evil_forest, layout_regular_city, dpeg_slime_entry_corner,
          hibernation_bobbens
Spider:1: layout_spider_delve, gammafunk_ghost_cemetery, drop_trap
Orc:1:    layout_caves, uniq_josephine
Orc:2:    pf_orc_diabolical, layout_caves, portal_ice_cave_rime,
          gammafunk_ghost_necromancy, nicolae_alphabet_shops,
          lemuel_statue_altar

Skill      XL: |  1  2  3  4  5  6  7  8  9 10 11 12 13 14 15 16 17 |
---------------+----------------------------------------------------+-----
Unarmed Combat | 4 5 10 11 13 15 16 | 16.1
Dodging        | 3 6 8 10 11 13 | 13.3
Ice Magic      | 1 |  1.5
Spellcasting   | 3 4 6 8 10 | 10.5
Transmutations | 3 6 9 10 | 10.2
Fighting       | 3 4 7 10 11 | 11.2
Stealth        | 5 6 |  6.7
Summonings     | 3 |  3.1
Air Magic      | 3 |  3.1
Earth Magic    | 6 8 |  8.8
Shields        | 8 11 | 11.3

Action                   |  1- 3 |  4- 6 |  7- 9 | 10-12 | 13-15 | 16-18 || total
-------------------------+-------+-------+-------+-------+-------+-------++-------
Melee: Unarmed           |    63 |   156 |   361 |   440 |   899 |   691 ||  2610
       Constrict         |    14 |    26 |    25 |    21 |    75 |   106 ||   267
       Tentacles         |     7 |    17 |    12 |    15 |   100 |    98 ||   249
       Kick              |     6 |     2 |     8 |     3 |       |       ||    19
       Punch             |       |     3 |     1 |    10 |    65 |    66 ||   145
       Tailslap          |       |       |       |       |       |     5 ||     5
       Bite              |       |       |       |       |       |     1 ||     1
 Cast: Beastly Appendage |     5 |     8 |    10 |     3 |     1 |       ||    27
       Spider Form       |       |    12 |    10 |       |       |       ||    22
       Sticks to Snakes  |       |     1 |     4 |     8 |    14 |       ||    27
       Ice Form          |       |       |    19 |    49 |    49 |       ||   117
       Blade Hands       |       |       |       |     2 |    21 |       ||    23
       Summon Lightning  |       |       |       |     4 |     9 |     3 ||    16
       Statue Form       |       |       |       |       |    16 |    36 ||    52
       Dragon Form       |       |       |       |       |       |     1 ||     1
Invok: Potion Petition   |       |       |       |     2 |     1 |     3 ||     6
       Call Merchant     |       |       |       |     2 |     1 |     1 ||     4
 Abil: End Transformatio |       |       |     1 |     2 |     4 |       ||     7
Evoke: Wand              |       |       |       |       |     1 |       ||     1
  Use: Potion            |       |     3 |       |     7 |     5 |     1 ||    16
       Scroll            |       |     2 |     2 |    16 |    10 |    11 ||    41
 Stab: Sleeping          |     5 |     6 |     1 |     7 |    26 |     8 ||    53
       Invisible         |       |     1 |       |       |       |       ||     1
       Distracted        |       |       |     1 |     2 |     9 |    11 ||    23
       Petrified         |       |       |       |       |     3 |       ||     3
  Eat: Chunk             |     2 |    11 |     8 |       |       |       ||    21
       Ration            |       |       |     3 |     9 |    18 |    12 ||    42
Armor: Skin              |     3 |     6 |    33 |    53 |   164 |   335 ||   594
Dodge: Dodged            |    33 |   114 |   215 |   285 |   776 |   915 ||  2338
Block: Buckler           |       |       |       |       |       |    76 ||    76
       Shield            |       |       |       |       |       |   485 ||   485
       Reflection        |       |       |       |       |       |    12 ||    12

Table legend:
 A = Non-vault XP
 B = Vault XP
 C = Vault XP percentage of total XP
 D = Non-vault monster count
 E = Vault monster count
 F = Vault count percentage of total count
                 A         B        C        D         E       F
            +---------+---------+-------+---------+---------+-------
      Total |  107825 |  117007 |  52.0 |     641 |     340 |  34.7
            +---------+---------+-------+---------+---------+-------
        D:1 |      29 |       0 |   0.0 |      13 |       0 |   0.0
        D:2 |     166 |       4 |   2.4 |      32 |       1 |   3.0
        D:3 |     107 |       0 |   0.0 |      23 |       0 |   0.0
        D:4 |     176 |     152 |  46.3 |      13 |       2 |  13.3
        D:5 |     380 |     472 |  55.4 |      20 |       2 |   9.1
        D:6 |     919 |     128 |  12.2 |      24 |       9 |  27.3
        D:7 |    1742 |       1 |   0.1 |      44 |       1 |   2.2
        D:8 |    1866 |     939 |  33.5 |      23 |       1 |   4.2
        D:9 |    2911 |     186 |   6.0 |      25 |       4 |  13.8
       D:10 |    2452 |    6830 |  73.6 |      25 |      30 |  54.5
       D:11 |    7354 |    1102 |  13.0 |      43 |      14 |  24.6
       D:12 |    9132 |     590 |   6.1 |      46 |       3 |   6.1
       D:13 |    7010 |   10064 |  58.9 |      28 |      10 |  26.3
       D:14 |   10027 |   12825 |  56.1 |      27 |      25 |  48.1
       D:15 |     259 |   44789 |  99.4 |       1 |      84 |  98.8
     Lair:1 |    4599 |       0 |   0.0 |      12 |       0 |   0.0
     Lair:2 |    6466 |    3640 |  36.0 |      28 |      19 |  40.4
     Lair:3 |    5979 |     240 |   3.9 |      26 |       1 |   3.7
     Lair:4 |    3871 |    2356 |  37.8 |      10 |       7 |  41.2
     Lair:5 |    2650 |       0 |   0.0 |      10 |       0 |   0.0
     Lair:6 |   13697 |   10338 |  43.0 |      55 |      26 |  32.1
   Spider:1 |   20019 |    2274 |  10.2 |      62 |       1 |   1.6
      Orc:1 |    2119 |    2462 |  53.7 |      25 |       5 |  16.7
      Orc:2 |    3895 |   17305 |  81.6 |      26 |      68 |  72.3
    Ossuary |       0 |     310 | 100.0 |       0 |      27 | 100.0
            +---------+---------+-------+---------+---------+-------
